 Dungeon Sprint DCSS version 0.25-a0-420-g1cc7eeb0d1 (webtiles) character file.

Game seed: 12623717610908709302, levelgen mode: deterministic

1133 Baz the Fighter (level 8, -2/78 HPs)
             Began as a Yellow Draconian Ice Elementalist on Jan 18, 2020.
             Was a High Priest of Vehumet.
             Slain by a starcursed mass (4 damage)
             ... in the Dungeon (Sprint V: "Ziggurat Sprint").
             The game lasted 00:07:26 (873 turns).

Baz the Fighter (Yellow Draconian Ice Elementalist)  Turns: 873, Time: 00:07:27

Health: -2/78      AC:  6    Str: 12    XL:     8   Next: 14%
Magic:  15/26      EV: 15    Int: 39    God:    Vehumet [*****.]
Gold:   0          SH:  0    Dex: 10    Spells: 9/23 levels left

rFire    . . .     SeeInvis .   I - +6 Majin-Bo {vamp, Archmagi MP+6 Int+6}
rCold    . . .     Gourm    .   (shield currently unavailable)
rNeg     . . .     Faith    .   (armour unavailable)
rPois    .         Spirit   .   (helmet restricted)
rElec    .         Reflect  .   (no cloak)
rCorr    +         Harm     .   (no gloves)
MR       .....     NoTele   +   (no boots)
Stlth    ++........             (no amulet)
HPRegen  0.23/turn              w - +6 ring of intelligence
MPRegen  0.20/turn              x - +6 ring of intelligence

@: brilliant
A: spit acid, unfitting armour, clumsy 1, cold-blooded, acid resistance, AC +6
a: Breathe Acid, Renounce Religion


You were in the Dungeon.
You worshipped Vehumet.
Vehumet was extremely pleased with you.
You were not hungry.

You visited 1 branch

Inventory:

Hand Weapons
 k - the cursed +2 quarterstaff of Valour {venom, rElec rC+ Stlth+}
   (You found it in the Dungeon)

   It poisons the flesh of those it strikes.
   It protects you from cold.
   It insulates you from electricity.
   It makes you more stealthy.
   It has a curse placed upon it.
 I - the +6 Majin-Bo (weapon) {vamp, Archmagi MP+6 Int+6}
   (You found it in the Dungeon)

   It inflicts no extra harm, but heals its wielder when it wounds a living foe.
   It affects your intelligence (+6).
   It affects your magic capacity (+6).
 J - the +9 staff of Wucad Mu {channel}
   (You found it in the Dungeon)
Armour
 F - a +3 buckler
 G - a +3 large shield
 H - a +3 shield
Magical Staves
 D - an uncursed staff of energy
 L - a cursed staff of air
Jewellery
 t - an uncursed ring of flight
 u - a +6 ring of dexterity
 v - a +6 ring of dexterity
 w - a +6 ring of intelligence (left hand)
 x - a +6 ring of intelligence (right hand)
 y - a +6 ring of strength
 z - a +6 ring of strength
 M - an uncursed amulet of faith
Wands
 A - a wand of disintegration (7)
 B - a wand of iceblast (6)
 C - a wand of acid (6)
Scrolls
 h - 4 scrolls of blinking
 n - 4 scrolls of amnesia
 o - 7 scrolls of fog
 p - a scroll of holy word
 q - 5 scrolls of identify
 r - 5 scrolls of remove curse
 s - 2 scrolls of fear
Potions
 a - a potion of brilliance
 c - 10 potions of curing
 d - 9 potions of heal wounds
 e - 6 potions of haste
 f - 7 potions of magic
 g - 3 potions of berserk rage
 i - 2 potions of invisibility
 j - 3 potions of resistance
 l - 5 potions of agility
 m - 5 potions of might
Miscellaneous
 E - a crystal ball of energy
 K - a box of beasts
 N - a phial of floods
 O - a sack of spiders
Comestibles
 b - 7 rations


   Skills:
 + Level 9.6 Fighting
 - Level 7.6 Dodging
 - Level 1.7 Stealth
 + Level 8.3 Spellcasting
 + Level 4.1 Conjurations
 + Level 3.6 Summonings
 - Level 8.9 Ice Magic
 + Level 3.1 Evocations


You had 9 spell levels left.
You knew the following spells:

 Your Spells              Type           Power        Failure   Level  Hunger
a - Freeze                Ice            ####         1%          1    None
b - Hailstorm             Conj/Ice       #######.     1%          4    None
c - Summon Ice Beast      Ice/Summ       #######.     1%          4    None
d - Ozocubu's Armour      Chrm/Ice       #######.     1%          3    None
e - Blink                 Tloc           N/A          1%          2    None

Your spell library contained the following spells:

 Spells                   Type           Power        Failure   Level  Hunger
 Inner Flame              Hex/Fire       ######..     1%          3    None
 Animate Skeleton         Necr           N/A          1%          1    None
 Pain                     Necr           ####         1%          1    None
 Sting                    Tmut/Pois      ####         1%          1    None
 Poisonous Vapours        Pois/Air       ######       1%          2    None
 Shroud of Golubria       Chrm/Tloc      ######       1%          2    None
 Gell's Gravitas          Tloc           ######....   1%          3    None
 Ignite Poison            Fire/Tmut/Pois ######..     1%          3    None
 Lesser Beckoning         Tloc           ######....   1%          3    None
 Mephitic Cloud           Conj/Pois/Air  ######..     1%          3    None
 Teleport Other           Tloc           ######..     1%          3    None
 Vampiric Draining        Necr           ######....   1%          3    None
 Animate Dead             Necr           N/A          2%          4    None
 Olgreb's Toxic Radiance  Pois           ######..     2%          4    None
 Passage of Golubria      Tloc           N/A          2%          4    None
 Agony                    Necr           ######..     7%          5    ###....


Dungeon Overview and Level Annotations

Branches:
Dungeon (1/1)

Altars:
Ashenzari
Cheibriados
Dithmenos
Elyvilon
Fedhas
Gozag
Hepliaklqana
Kikubaaqudgha
Makhleb
Nemelex Xobeh
Okawaru
Qazlal
Ru
Sif Muna
Trog
Uskayaw
Vehumet
Wu Jian
Xom
Yredelemnul
Zin
The Shining One
Beogh
Jiyva
Lugonu

Annotations:
D 1 transporter


Innate Abilities, Weirdness & Mutations

You can spit globs of acid.
Your golden yellow scales are hard. (AC +6)
You cannot fit into any form of body armour.
You are cold-blooded and may be slowed by cold attacks.
You are resistant to acid. (rCorr)
You are clumsy. (Dex -2)


Message History

The starcursed mass shudders and is absorbed by its neighbour.
Found a transporter.
Unknown command.
Unknown command.
Unknown command.
The thrashing horror roars!
The white imp barely misses your ice beast.
The shadow imp sputters.
The shadow imp gestures at the white imp.
Your ice beast misses the thrashing horror.
A starcursed mass splits.
Unknown command.
Unknown command.
Unknown command.
Unknown command.
The starcursed mass completely misses you.
The white imp hits your ice beast. The white imp freezes your ice beast.
Your ice beast completely resists.
The starcursed mass engulfs you.
You die...

.▓....▓.▓.▓....▓.▓
...©....▓...©....▓
▓▓▓▓▓▓▓▓▓▓▓▓▓▓▓▓▓▓
▓..8©8..▓
▓..::)..▓
▓..|X:..▓
▓...XX..▓
▓.....X.▓
▓.....X@▓
▓....YXD▓
▓.▓.Y5▓.▓
▓...5.Y.▓
▓▓▓▓▓▓▓▓▓


You could see a bone dragon, 5 starcursed masses, a thrashing horror, a white
imp, a shadow imp and 3 friendly ice beasts.

Vanquished Creatures
  A rime drake (D)
  A neqoxec (D)
  A water moccasin (D)
  A swamp drake (D)
  A phantom (D)
  2 scorpions (D)
  2 iron imps (D)
  A white imp (D)
  A bat zombie (D)
  3 ball pythons (D)
14 creatures vanquished.

Vanquished Creatures (collateral kills)
  A rime drake (D)
  2 necrophages (D)
  An iron imp (D)
  An ufetubus (D)
5 creatures vanquished.

Grand Total: 19 creatures vanquished

Notes
Turn   | Place    | Note
-------+----------+-------------------------------------------
     0 | D        | Baz the Draconian Ice Elementalist began the quest for the
                  | Orb.
     0 | D        | Reached XP level 1. HP: 14/14 MP: 3/3
     0 | D        | Found a shimmering blue altar of Sif Muna.
     0 | D        | Found a sacrificial altar of Ru.
     0 | D        | Found a bloodstained altar of Trog.
     0 | D        | Found a stormy altar of Qazlal.
     0 | D        | Found an iron altar of Okawaru.
     0 | D        | Found a sparkling altar of Nemelex Xobeh.
     0 | D        | Found a blossoming altar of Fedhas.
     1 | D        | Found the +6 Majin-Bo {vamp, Archmagi MP+6 Int+6}
     1 | D        | Found the +7 great mace "Firestarter" {inner flame, rF++}
     2 | D        | Found a transporter.
     2 | D        | Found an ancient bone altar of Kikubaaqudgha.
     2 | D        | Found a viscous altar of Jiyva.
     2 | D        | Found a corrupted altar of Lugonu.
     2 | D        | Found a hazy altar of Hepliaklqana.
     2 | D        | Found a burning altar of Makhleb.
     2 | D        | Found an opulent altar of Gozag.
    37 | D        | Found the +9 heavy crossbow "Sniper" {vorpal, Acc+∞ SInv}
    37 | D        | Found the +10 dark maul {vorpal}
    37 | D        | Found the +15 Maxwell's patent armour {-Cast -Tele rElec
                  | MR+ rCorr}
    37 | D        | Found the +18 shield of the Gong {rElec rN+ MR+ EV-5}
    37 | D        | Found the cursed +14 obsidian axe {vorpal, +Fly SInv
                  | *Curse}
   102 | D        | Became a worshipper of Vehumet
   106 | D        | Reached skill level 3 in Fighting
   106 | D        | Reached skill level 5 in Ice Magic
   106 | D        | Reached XP level 2. HP: 27/27 MP: 6/6
   140 | D        | Found the +6 shillelagh "Devastator" {shatter}
   140 | D        | Found the +11 plutonium sword {*Contam Stlth-}
   140 | D        | Found the +8 lance "Wyrmbane" {slay drac, rPois rF+ rC+
                  | AC+3}
   140 | D        | Found the +9 sword of Zonguldrok {reap}
   140 | D        | Found the cursed +13 scythe of Curses {drain, *Curse}
   140 | D        | Found the +0 sword of Power
   140 | D        | Found the +7 mace of Variability {chain chaos}
   140 | D        | Found the +7 Singing Sword {vorpal, sonic wave}
   140 | D        | Found the +8 storm bow {elec, penet}
   144 | D        | Entered arena 2.
   144 | D        | Noticed a scorpion
   144 | D        | Noticed a scorpion
   144 | D        | Found a transporter.
   146 | D        | Killed a scorpion
   146 | D        | Reached skill level 4 in Fighting
   146 | D        | Reached XP level 3. HP: 34/34 MP: 9/9
   149 | D        | Killed a scorpion
   149 | D        | Reached skill level 5 in Fighting
   149 | D        | Reached skill level 5 in Dodging
   149 | D        | Reached skill level 5 in Spellcasting
   149 | D        | Reached XP level 4. HP: 30/42 MP: 10/11
   294 | D        | Got the cursed +2 quarterstaff of Valour {venom, rElec rC+
                  | Stlth+}
   303 | D        | Learned a level 4 spell: Hailstorm
   308 | D        | Learned a level 4 spell: Summon Ice Beast
   312 | D        | Learned a level 3 spell: Ozocubu's Armour
   313 | D        | Entered arena 3.
   313 | D        | Noticed a rime drake
   313 | D        | Noticed a swamp drake
   313 | D        | Noticed a rime drake
   313 | D        | Found a transporter.
   320 | D        | Killed a rime drake
   320 | D        | Reached * piety under Vehumet
   320 | D        | Offered knowledge of Shock by Vehumet.
   320 | D        | Reached skill level 7 in Fighting
   320 | D        | Reached XP level 5. HP: 36/52 MP: 9/13
   320 | D        | Reached XP level 6. HP: 41/60 MP: 9/15
   323 | D        | Killed a swamp drake
   324 | D        | Killed a rime drake
   324 | D        | Reached skill level 8 in Fighting
   324 | D        | Your scales start taking on a golden yellow colour.
   324 | D        | Reached XP level 7. HP: 46/69 MP: 8/18
   324 | D        | Gained mutation: You are resistant to acid. (rCorr) [Yellow
                  | Draconian growth]
   433 | D        | Entered arena 4.
   433 | D        | Found a transporter.
   434 | D        | Found the +3 sling "Punk" {acid, rCorr}
   434 | D        | Found the +9 staff of Wucad Mu {channel}
   435 | D        | Reached ** piety under Vehumet
   442 | D        | Reached skill level 1 in Summonings
   583 | D        | Entered arena 5.
   583 | D        | Found a transporter.
   588 | D        | Offered knowledge of Searing Ray by Vehumet.
   590 | D        | Reached *** piety under Vehumet
   590 | D        | Reached skill level 9 in Fighting
   590 | D        | Reached skill level 1 in Evocations
   697 | D        | Learned a level 2 spell: Blink
   700 | D        | Entered arena 6.
   700 | D        | Noticed a neqoxec
   700 | D        | Found a transporter.
   703 | D        | Reached **** piety under Vehumet
   704 | D        | Gained mutation: You are clumsy. (Dex -2) [a neqoxec]
   710 | D        | Reached XP level 8. HP: 51/78 MP: 3/20
   864 | D        | Entered arena 7.
   864 | D        | Noticed a thrashing horror
   864 | D        | Noticed a bone dragon
   864 | D        | Noticed a starcursed mass
   867 | D        | Offered knowledge of Inner Flame by Vehumet.
   867 | D        | Reached ***** piety under Vehumet
   871 | D        | Found a transporter.
   871 | D        | HP: 2/78 [starcursed mass/accursed screaming (7)]
   873 | D        | Slain by a starcursed mass

Levels and vault maps discovered:
D:        sprint_v [room_start, room_1, room_2, room_3, room_4, room_5, room_6,
          room_7, room_8, room_9, room_10, room_11, room_12, room_13, room_14,
          room_15, room_16, room_17, room_18, room_19, room_20, room_21,
          room_22, room_23, room_24, room_25, room_26, room_27]

Skill      XL: |  1  2  3  4  5  6  7  8 |
---------------+-------------------------+-----
Fighting       | 3 4 5 7 8 9 |  9.6
Dodging        | 3 4 5 6 7 |  7.6
Spellcasting   | 3 4 5 6 7 8 |  8.3
Ice Magic      | 5 6 7 8 |  8.9
Conjurations   | 3 4 |  4.1
Summonings     | 3 |  3.6
Evocations     | 2 3 |  3.1
Stealth        | |  1.7

Action                   |  1- 3 |  4- 6 |  7- 9 || total
-------------------------+-------+-------+-------++-------
Melee: Quarterstaff      |       |     1 |     3 ||     4
 Cast: Freeze            |     3 |     1 |     6 ||    10
       Summon Ice Beast  |       |     2 |     9 ||    11
       Hailstorm         |       |     1 |     6 ||     7
       Ozocubu's Armour  |       |       |     1 ||     1
Evoke: Wand              |     1 |     1 |       ||     2
  Use: Potion            |     1 |     2 |     1 ||     4
Armor: Skin              |       |       |     6 ||     6
Dodge: Dodged            |     1 |     1 |    12 ||    14

Table legend:
 A = Non-vault XP
 B = Vault XP
 C = Vault XP percentage of total XP
 D = Non-vault monster count
 E = Vault monster count
 F = Vault count percentage of total count
                 A         B        C        D         E       F
            +---------+---------+-------+---------+---------+-------
      Total |       0 |    1607 | 100.0 |       0 |      19 | 100.0
            +---------+---------+-------+---------+---------+-------
          D |       0 |    1607 | 100.0 |       0 |      19 | 100.0
            +---------+---------+-------+---------+---------+-------
